 Dungeon Crawl Stone Soup version 0.29.1-15-g9cfb28693d (webtiles) character file.

Game seed: 8690653452874490697

292 Mysteryquy the Cudgeller (level 6, -2/37 HPs)
             Began as a Gargoyle Fighter on Apr 26, 2023.
             Was an Initiate of Okawaru.
             Slain by an ogre
             ... wielding a +0 giant club
              (16 damage)
             ... on level 4 of the Dungeon.
             The game lasted 00:05:00 (4470 turns).

Mysteryquy the Cudgeller (Gargoyle Fighter)         Turns: 4470, Time: 00:05:00

Health: -2/37      AC: 12    Str: 22    XL:     6   Next: 33%
Magic:  6/6        EV:  9    Int:  8    God:    Okawaru [......]
Gold:   161        SH:  4    Dex:  9    Spells: 5/5 levels left

rFire   . . .      SeeInvis .   a - +0 flail
rCold   . . .      Faith    .   c - +0 buckler
rNeg    + . .      Spirit   .   b - +0 scale mail
rPois   ∞          Reflect  .   (no helmet)
rElec   +          Harm     .   (no cloak)
rCorr   .          Rampage  .   p - +0 pair of gloves
Will    .....                   (no boots)
Stlth   ..........              (no amulet)
HPRegen 0.12/turn               (no ring)
MPRegen 0.10/turn               (no ring)

@: no status effects
A: sickness immunity, AC +4, negative energy resistance 1, electricity
resistance, torment resistance 1, petrification resistance
a: Renounce Religion


You were on level 4 of the Dungeon.
You worshipped Okawaru.
Okawaru was noncommittal.
You visited 2 branches of the dungeon, and saw 5 of its levels.

You collected 161 gold pieces.

Inventory:

Hand Weapons
 a - a +0 flail (weapon)
Missiles
 i - a throwing net
 m - 2 poisoned darts
 o - a boomerang of dispersal (quivered)
Armour
 b - a +0 scale mail (worn)
 c - a +0 buckler (worn)
 p - a +0 pair of gloves (worn)
Jewellery
 g - an amulet of reflection
 q - a +4 ring of protection
 v - an amulet of the acrobat
Wands
 r - a wand of paralysis (4)
Scrolls
 f - 2 scrolls of vulnerability {unknown}
 h - 3 scrolls of identify {unknown}
 k - a scroll of summoning {unknown}
 l - a scroll of poison {unknown}
 s - a scroll of blinking {unknown}
 t - a scroll of silence {unknown}
 w - a scroll of teleportation {unknown}
 x - a scroll of brand weapon {unknown}
 y - a scroll of amnesia {unknown}
Potions
 d - 3 potions of might
 e - 2 potions of magic {unknown}
 j - a potion of heal wounds {unknown}
 n - a potion of flight {unknown}
 u - a potion of lignification {unknown}
 z - 3 potions of curing {unknown}
 A - a potion of degeneration {unknown}


   Skills:
 - Level 3.2 Fighting
 + Level 6.5 Maces & Flails
 - Level 3.2 Armour
 - Level 3.2 Shields


You had 5 spell levels left.
You didn't know any spells.
Your spell library contained the following spells:

 Spells                   Type           Power      Damage    Failure   Level
 Gell's Gravitas          Tloc           0%         N/A       99%         3
 Teleport Other           Tloc           0%         N/A       99%         3
 Dispersal                Tloc           0%         N/A       100%        6


Dungeon Overview and Level Annotations

Branches:
Dungeon (4/15)             Temple (1/1) D:4

Altars:
Ashenzari
Cheibriados
Dithmenos
Elyvilon
Fedhas
Gozag
Hepliaklqana
Kikubaaqudgha
Makhleb
Nemelex Xobeh
Okawaru
Qazlal
Ru
Sif Muna
Trog
Uskayaw
Vehumet
Xom
Yredelemnul
Zin
The Shining One

Shops:
D:3 :

Annotations:
D:4 3 runed translucent doors, glacial86's ghost, amateur DrTm


Innate Abilities, Weirdness & Mutations

You are immune to sickness and miasma.
Your stone body is resilient. (AC +4)
You are immune to poison.
You resist negative energy. (rN+)
You are resistant to electric shocks. (rElec)
You are resistant to unholy torment.
You are immune to petrification.


Message History

You closely miss the adder. The adder bites you but does no damage.
You closely miss the adder. The adder barely misses you. The adder misses you.
You barely miss the adder. The adder closely misses you.
You hit the adder but do no damage. The adder bites you. x2
You barely miss the adder. The adder bites you.
You miss the adder. The adder misses you. The adder closely misses you.
You barely miss the adder. The adder completely misses you.
You barely miss the adder.
The adder bites you but does no damage. x2
You thump the adder!
You kill the adder!
Okawaru accepts your kill.
No target in view!
No target in view!
No target in view!
No target in view!
No target in view!
No target in view!
No target in view!
No target in view!
No target in view!
No target in view!
No target in view!
You see here an adder corpse.
Found a ring mail.
An ogre comes into view. It is wielding a +0 giant club.
Found a manual of Fighting.
The ogre shouts!
You hear a shout!
A goblin comes into view. It is wielding a +0 club.
The goblin shouts!
An orc comes into view. It is wielding a +0 club.
The goblin attacks as you move away! The goblin hits you but does no damage.
You hit the goblin.
You kill the goblin!
Okawaru accepts your kill.
You hit the ogre.
The ogre is lightly wounded.
The ogre hits you with a +0 giant club!!
Ouch! That really hurt!
The ogre attacks as you move away! The ogre hits you with a +0 giant club!
You die...

....##.....................##
...................#..#.#..#
#####.#.#...#...#...#.##.##
#.#.#..............#..#
....##.##.###......##.#
.....##...........#..#.##
.......†....##..###.....
........[.......###.....
.......@###.###....<###.
.......#O..#...#......#
#.#...###)###..#.##..... .
#..# #.#.# #.#. ....#. #..#
#O# #[# #. #.... #.# #.# #.#.
#...## #. .o# #.. #[..# # #..
.## ##### ..# #


You could see an ogre.

Vanquished Creatures
  2 scorpions
  2 orc priests (D:4)
  An orc wizard (Temple)
  An adder (D:4)
  2 worms (D:3)
  2 dart slugs
  11 orcs
  5 endoplasms
  A giant cockroach (D:3)
  5 hobgoblins
  A quokka (D:3)
  5 bats
  A frilled lizard (D:1)
  10 goblins
  9 kobolds
  7 rats
65 creatures vanquished.

Notes
Turn   | Place    | Note
-------+----------+-------------------------------------------
     0 | D:1      | Mysteryquy the Gargoyle Fighter began the quest for the
                  | Orb.
     0 | D:1      | Reached XP level 1. HP: 14/14 MP: 1/1
   413 | D:1      | Reached XP level 2. HP: 18/19 MP: 2/2
   636 | D:1      | Reached skill level 3 in Maces & Flails
  1347 | D:2      | Reached XP level 3. HP: 21/23 MP: 3/3
  1774 | D:2      | Found a faded altar of an unknown god.
  2328 | D:3      | Reached skill level 4 in Maces & Flails
  2460 | D:3      | Found Nurianoq's Book Shoppe.
  2504 | D:3      | Reached XP level 4. HP: 28/28 MP: 4/4
  2548 | D:3      | Noticed a scorpion
  2576 | D:3      | Killed a scorpion
  2577 | D:3      | Reached skill level 5 in Maces & Flails
  2577 | D:3      | Reached XP level 5. HP: 26/32 MP: 5/5
  3074 | D:4      | Found a staircase to the Ecumenical Temple.
  3085 | Temple   | Entered the Ecumenical Temple
  3325 | Temple   | Became a worshipper of Warmaster Okawaru
  4159 | D:4      | Reached skill level 6 in Maces & Flails
  4256 | D:4      | Reached XP level 6. HP: 34/37 MP: 6/6
  4315 | D:4      | Found a runed translucent gate.
  4365 | D:4      | Found a runed translucent gate.
  4365 | D:4      | Found a runed translucent gate.
  4366 | D:4      | Found an opulent altar of Gozag.
  4367 | D:4      | Noticed glacial86's ghost (amateur DrTm)
  4470 | D:4      | Slain by an ogre

Illustrated notes

Levels and vault maps discovered:
D:1:      saegor_arrival_miasma, layout_basic, minmay_misc_feat_x
D:2:      layout_loops_cross, shapermc_ecumenical_altar_mp_highgroup
D:3:      layout_rooms, serial_shops, nicolae_shop_stone, minmay_crystal_water
D:4:      layout_rooms, minmay_temple_entry_junction, ebering_ghost_gozag,
          minmay_misc_feat_iff, minmay_manual_mail, uniq_blork_the_orc
Temple:   roderic_octagonal_lattice_temple

Skill      XL: |  1  2  3  4  5 |
---------------+----------------+-----
Maces & Flails | 3 4 5 6 |  6.5
Fighting       | |  3.2
Armour         | |  3.2
Shields        | |  3.2

Action                   |  1- 3 |  4- 6 || total
-------------------------+-------+-------++-------
Melee: Flail             |   141 |   104 ||   245
Throw: Boomerang         |       |     1 ||     1
Armor: Scale mail        |    93 |    53 ||   146
Dodge: Dodged            |    82 |    33 ||   115
Block: Buckler           |    28 |    19 ||    47
